AoeStats
← Your Mom

Highland

506934842Analyzed
4v4 RM · 17d ago on Sep 15, 2026· 54m 32s· 8 players
Game mode
Random Map
Map size
Large (8 player)
Population
200
Speed
Normal
Resources
Standard
Victory
Conquest
Starting age
Dark Age
Ending age
Imperial Age
RankedLock teamsTeams togetherTeam positionsShared explorationLock speedFull tech treeHidden civsTurbo modeCheats
Victory
Defeat
🇺🇸 Wu · United States
916
+13
🇮🇹 Persians · Italy
874
+15
🇮🇹 Bohemians · Italy
824
+17
🇬🇧 Japanese · United Kingdom
780
+18
🇨🇱 Chinese · Chile
856
-16
🇩🇪 Franks · Germany
849
-16
🇨🇱 Khmer · Chile
844
-16
🇨🇱 Magyars · Chile
826
-15
Drvenegasdazian
10:55 Feudal Age
20:17 Castle Age
19:04 Double-Bit Axe
19:48 Horse Collar
22:11 Loom
24:32 Stone Mining
26:23 Bow Saw
26:31 Fletching
28:06 Husbandry
28:10 Fletching
29:28 Bloodlines
29:20 Gold Mining
30:32 Wheelbarrow
31:02 Heavy Plow
32:12 Thumb Ring
33:21 Bodkin Arrow
33:34 Scale Barding Armor
34:06 Hand Cart
37:50 Imperial Age
35:45 Ballistics
42:22 Corvinian Army
42:46 Conscription
44:28 Elite Magyar Huszar
48:10 Crop Rotation
47:45 Town Watch
50:26 Light Cavalry
51:15 Hussar
Your Mom
0:28 Loom
10:37 Feudal Age
11:14 Double-Bit Axe
16:38 Gold Mining
16:40 Stone Mining
21:26 Wheelbarrow
24:06 Castle Age
25:37 Bow Saw
27:22 Gold Shaft Mining
30:59 Hand Cart
31:03 Fortified Wall
31:05 Husbandry
30:27 Light Cavalry
31:16 Squires
30:54 Pikeman
33:29 Ballistics
33:34 #83
34:40 Caravan
37:38 Forging
37:28 Scale Mail Armor
37:36 Scale Barding Armor
37:22 Fletching
40:24 Imperial Age
41:54 Halberdier
42:57 Conscription
42:37 Chivalry
42:05 Capped Ram
42:17 Cavalier
43:23 Chain Barding Armor
43:19 Chain Mail Armor
43:40 Iron Casting
46:36 Elite Throwing Axeman
47:24 Paladin
48:55 Plate Barding Armor
49:21 Blast Furnace
48:52 Plate Mail Armor
48:18 Bodkin Arrow
elsk88
6:10 Loom
14:16 Feudal Age
15:49 Wheelbarrow
15:25 Horse Collar
18:38 Double-Bit Axe
21:52 Fishing Lines
27:49 Castle Age
29:57 Gillnets
31:22 Bow Saw
31:34 Stone Mining
31:35 Gold Mining
32:32 Heavy Plow
34:45 Fletching
34:55 Padded Archer Armor
37:34 Stone Shaft Mining
37:34 Gold Shaft Mining
40:37 Imperial Age
38:42 Leather Archer Armor
38:23 Bodkin Arrow
42:07 Rocketry
43:26 Two-Man Saw
45:50 Conscription
44:51 Elite Chu Ko Nu
Jx
0:30 Loom
15:04 Feudal Age
17:23 Wheelbarrow
16:34 Town Watch
16:30 Horse Collar
16:39 Double-Bit Axe
21:15 Castle Age
23:25 Heavy Plow
25:17 Hand Cart
32:31 Bow Saw
32:25 Caravan
31:56 Light Cavalry
32:46 Bloodlines
32:36 Husbandry
36:19 Imperial Age
35:32 Scale Barding Armor
35:38 Forging
36:42 Hussar
38:22 Chain Barding Armor
38:38 Iron Casting
39:30 Hoardings
40:13 Conscription
40:39 Plate Barding Armor
41:14 Conscription
43:06 Chemistry
42:26 Ballistics
42:17 Masonry
42:12 Siege Engineers
42:02 Murder Holes
42:17 Fortified Wall
48:12 Heated Shot
48:53 Architecture
48:33 Fortified Wall
48:28 Siege Engineers
48:18 Murder Holes
48:33 Fortified Wall
49:32 Tusk Swords
49:03 Sappers
Ben
3:03 Loom
11:37 Feudal Age
12:28 Double-Bit Axe
14:59 Wheelbarrow
14:31 Horse Collar
17:04 Fletching
17:26 Forging
17:16 Scale Mail Armor
17:16 Padded Archer Armor
20:56 Castle Age
21:17 Gold Mining
21:17 Stone Mining
22:26 Medium Warships
22:19 Bodkin Arrow
22:39 Leather Archer Armor
23:00 Iron Casting
22:41 Chain Mail Armor
24:56 Hand Cart
27:52 Gold Shaft Mining
27:52 Stone Shaft Mining
27:20 Heavy Plow
30:15 Imperial Age
28:50 Squires
28:36 Arson
29:34 Town Watch
32:28 Plate Mail Armor
32:58 Blast Furnace
32:33 Caravan
35:25 Gold Shaft Mining
37:05 Sitting Tiger
38:48 Town Patrol
39:17 Bow Saw
41:02 Chemistry
40:22 Ballistics
41:29 Pikeman
43:03 Halberdier
43:47 Bracer
46:45 Heavy Warships
50:31 Man-at-Arms
52:02 Long Swordsman
YasD_001
1:17 Loom
12:35 Feudal Age
13:56 Double-Bit Axe
13:54 Horse Collar
15:08 Gold Mining
17:58 Wheelbarrow
23:40 Castle Age
21:26 Town Watch
21:37 Stone Mining
23:31 Scale Mail Armor
23:42 Forging
23:25 Man-at-Arms
23:51 Arson
24:57 Chain Mail Armor
24:27 Long Swordsman
27:09 Hand Cart
27:37 Gambesons
27:53 Squires
29:25 Heavy Plow
29:51 Pikeman
32:18 Iron Casting
32:29 Bow Saw
33:47 Treadmill Crane
34:03 Murder Holes
34:19 Masonry
34:30 Ballistics
34:21 Fortified Wall
34:46 Padded Archer Armor
34:36 Fletching
35:38 Town Patrol
37:15 Yasama
38:33 Gold Shaft Mining
39:12 Leather Archer Armor
38:53 Bodkin Arrow
38:22 Elite Skirmisher
39:08 Thumb Ring
39:22 Bloodlines
39:13 Husbandry
41:20 Herbal Medicine
46:17 Imperial Age
48:14 Two-Man Saw
47:48 Plate Mail Armor
48:19 Blast Furnace
47:50 Ring Archer Armor
47:21 Bracer
47:51 Parthian Tactics
46:50 Halberdier
49:33 Conscription
49:37 Kataparuto
50:33 Caravan
51:07 Siege Engineers
52:41 Heavy Cavalry Archer
theskemp
0:31 Loom
11:46 Feudal Age
12:12 Double-Bit Axe
12:11 Horse Collar
21:24 Castle Age
20:41 Gold Mining
20:41 Stone Mining
26:08 Wheelbarrow
30:48 Hand Cart
34:13 Imperial Age
33:04 Gold Shaft Mining
33:14 Stone Shaft Mining
34:13 Caravan
34:28 Town Watch
34:44 Murder Holes
34:36 Cavalier
36:35 Scale Mail Armor
36:07 Pikeman
37:32 Savar
44:14 Elite War Elephant
46:48 Chemistry
46:27 Coinage
47:32 Forging
47:52 Halberdier
51:17 Citadels
51:29 Conscription
52:33 Bow Saw
Faaaas
5:20 Loom
12:01 Feudal Age
12:33 Double-Bit Axe
13:35 Wheelbarrow
16:51 Horse Collar
25:09 Castle Age
26:34 Bow Saw
27:03 Heavy Plow
28:50 Hand Cart
28:51 Caravan
29:22 Coinage
32:58 Imperial Age
30:14 Town Watch
33:16 Chemistry
32:36 Ballistics
33:20 Padded Archer Armor
33:11 Fletching
33:22 Scale Mail Armor
33:32 Forging
33:27 Squires
33:13 Arson
33:37 Treadmill Crane
36:33 Conscription
35:36 Pikeman
37:09 Town Patrol
37:43 Halberdier
37:43 Man-at-Arms
37:45 Elite Skirmisher
40:48 Leather Archer Armor
40:49 Chain Mail Armor
41:10 Iron Casting
40:30 Bodkin Arrow
40:41 Scale Barding Armor
41:40 Wagenburg Tactics
42:12 Hussite Reforms
42:30 Masonry
44:00 Two-Man Saw
45:33 Plate Mail Armor
46:04 Blast Furnace
45:04 Bracer
46:43 Elite Hussite Wagon
46:54 Sappers
46:58 Houfnice
48:50 Guilds
49:10 Banking
50:52 Long Swordsman
50:55 Crossbowman
53:08 Ring Archer Armor
52:59 Chain Barding Armor
52:27 Arrowslits
52:33 Guard Tower
53:14 Architecture
52:50 Siege Engineers
52:41 Murder Holes
52:56 Fortified Wall
53:08 Bombard Tower
52:59 Clinker Construction
52:59 Careening
52:55 Siphons
52:27 Two-Handed Swordsman
52:32 Light Cavalry
54:29 Atonement
54:40 Redemption
54:31 Devotion
54:43 Husbandry
Connection lost

Rejoining the realm…

Still unreachable

The connection could not be restored.

Session expired

The server has moved on; the page needs a fresh start.